Map: Tokamak LE

Players

LiquidMaNa (MaNa) - Winner!

  • Race: Protoss Protoss
  • League: Grandmaster
  • Spawn Location: 7:00

DnS

  • Race: Protoss Protoss
  • Spawn Location: 1:00

Event: HomeStory Cup XXVII

VOD

Have the link to the VOD?

Description

Time

  • Played on: June 27, 2025, 6:28 a.m.
  • Length: 8:07

All games in this series

Show
View Real Time Build Order
Export as new Build Order

LiquidMaNa Protoss - Winner!

Build Orders: Phoenix Opening, Blink Stalkers 

Get SALT Encoding   

  12  0:00  Probe  
  13  0:12  Probe  
  14  0:17  Pylon  
  14  0:24  Probe  
  15  0:32  Probe  
  15  0:35  Gateway  
  15  0:40  Probe  
  16  0:46  Assimilator  
  17  0:50  Probe  
  18  0:59  Probe  
  19  1:04  Assimilator  
  19  1:07  Probe  
  19  1:10  Gateway  
  20  1:17  Probe  
  21  1:26  Cybernetics Core  
  21  1:29  Probe  
  22  1:34  Pylon  
  22  1:41  Probe  
  23  1:53  Probe  
  24  2:03  Warp Gate, Sentry  
  24  2:05  Probe  
  27  2:20  Nexus  
  27  2:26  Pylon  
  28  2:33  Phoenix, Pylon  
  28  2:35  Sentry  
  28  2:37  Probe  
  28  2:42  Stalker  
  29  2:45  Probe  
  32  2:53  Probe  
  32  2:54  Twilight Council  
  33  3:04  Stalker  
  33  3:05  Probe  
  33  3:12  Blink  
  36  3:13  Probe  
  36  3:19  Pylon  
  37  3:22  Probe  
  38  3:28  Probe  
  38  3:32  Probe  
  39  3:37  Probe  
  41  3:44  Probe  
  41  3:46  Probe  
  42  3:51  Adept x2  
  47  3:56  Probe  
  47  3:58  Probe  
  49  4:03  Pylon  
  49  4:08  Probe  
  50  4:10  Probe  
  50  4:11  Stalker  
  50  4:12  Stalker  
  55  4:20  Probe  
  55  4:22  Probe  
  56  4:32  Probe  
  56  4:34  Probe, Stalker x2  
  62  4:39  Pylon  
  62  4:44  Probe  
  63  4:51  Nexus  
  63  4:53  Probe  
  63  4:56  Probe  
  63  4:57  Stalker x2  
  69  5:04  Robotics Facility  
  69  5:09  Probe  
  70  5:15  Probe  
  71  5:23  Stalker x2  
  71  5:24  Probe  
  71  5:27  Probe  
  73  5:36  Probe  
  73  5:41  Probe  
  66  5:45  Charge  
  66  5:48  Probe  
  66  5:49  Stalker x2  
  65  5:53  Probe, Warp Prism  
  58  6:00  Probe  
  60  6:05  Probe x2  
  60  6:08  Gateway  
  60  6:11  Gateway x2  
  62  6:12  Probe  
  62  6:13  Sentry  
  62  6:17  Probe  
  62  6:18  Probe  
  67  6:21  Gateway  
  67  6:24  Gateway, Probe  
  68  6:32  Stalker  
  68  6:36  Stalker  
  68  6:37  Shield Battery  
  68  6:39  Probe x2  
  72  6:45  Probe  
  68  6:58  Probe  
  68  7:00  Probe  
  68  7:03  Probe  
  68  7:05  Zealot x4  
  77  7:10  Probe  
  77  7:12  Probe  
  77  7:15  Gateway, Probe  
  80  7:16  Pylon  
  80  7:29  Zealot x7  
  86  7:51  Zealot  
  86  7:52  Zealot x6  
  86  7:53  Probe x3  
  86  7:55  Pylon  
  86  7:58  Pylon  
Show
View Real Time Build Order
Export as new Build Order

DnS Protoss 

Build Orders: Phoenix Opening 

Get SALT Encoding   

  12  0:00  Probe  
  13  0:12  Probe  
  14  0:17  Pylon  
  14  0:23  Probe  
  15  0:31  Probe  
  15  0:37  Gateway  
  15  0:40  Probe  
  16  0:45  Assimilator  
  17  0:51  Probe  
  17  0:54  Assimilator  
  18  0:59  Probe  
  19  1:06  Gateway  
  19  1:07  Probe  
  20  1:17  Probe  
  20  1:24  Cybernetics Core  
  21  1:29  Probe  
  22  1:35  Pylon  
  22  1:41  Probe  
  23  1:53  Probe  
  24  1:58  Stalker  
  24  2:00  Sentry  
  28  2:01  Warp Gate  
  28  2:06  Probe  
  29  2:12  Pylon  
  29  2:27  Sentry  
  31  2:34  Phoenix  
  31  2:39  Probe  
  32  2:44  Sentry  
  32  2:45  Nexus  
  35  2:51  Probe  
  35  2:59  Pylon  
  35  3:03  Probe  
  36  3:06  Robotics Facility  
  36  3:14  Probe  
  37  3:23  Probe  
  38  3:31  Probe  
  39  3:41  Probe  
  40  3:48  Adept  
  40  3:49  Observer, Adept  
  40  3:54  Probe x2  
  46  4:01  Observer  
  46  4:02  Probe  
  47  4:06  Probe  
  50  4:11  Immortal  
  50  4:12  Immortal, Nexus  
  50  4:18  Probe  
  55  4:26  Probe  
  55  4:30  Pylon  
  56  4:33  Probe  
  58  4:38  Probe  
  58  4:46  Probe  
  58  4:49  Shield Battery, Stalker  
  58  4:50  Immortal, Stalker  
  67  4:57  Shield Battery  
  67  4:58  Probe x2  
  69  5:04  Shield Battery  
  68  5:14  Stalker  
  70  5:24  Probe x3  
  71  5:33  Immortal  
  66  5:36  Probe x2  
  66  5:37  Stalker x2  
  70  5:44  Probe  
  70  5:48  Probe x2  
  77  5:50  Twilight Council  
  77  5:52  Forge  
  77  5:55  Observer  
  77  5:56  Probe  
  78  6:00  Probe x2  
  76  6:08  Probe  
  76  6:10  Assimilator  
  77  6:11  Adept x2  
  77  6:12  Probe  
  77  6:13  Probe, Assimilator  
  83  6:21  Pylon x2, Probe  
  84  6:31  Immortal  
  84  6:33  Probe  
  85  6:40  Probe  
  86  6:50  Probe  
  86  6:53  Observer  
  83  6:57  Probe  
  83  7:00  Warp Prism  
  80  7:02  Gateway  
  80  7:03  Gateway  
  80  7:05  Gateway  
  80  7:07  Gateway, Templar Archives  
  80  7:11  Gateway  
  80  7:12  Gateway  
  80  7:15  Probe x3  
  84  7:17  Sentry, Zealot  
  89  7:27  Probe  
  89  7:29  Probe  
  91  7:36  Gateway  
  86  7:46  Zealot x2  
  88  8:00  Photon Cannon  
Tags
 
Add a new tag
Caveats
  • Supply blocks, unpowered buildings, or Contaminate may cause inaccurate times.
  • Supply counts are checked every 10 seconds.